 Dungeon Crawl Stone Soup version 0.29-a0-284-gf9362112df (webtiles) character file.

Game seed: 15594915983765775000

60 Snicker the Slasher (level 3, -9/30 HPs)
             Began as a Minotaur Gladiator on Mar 19, 2022.
             Mangled by an ogre
             ... wielding a +0 giant club
              (21 damage)
             ... on level 3 of the Dungeon.
             The game lasted 00:02:40 (1959 turns).

Snicker the Slasher (Minotaur Gladiator)            Turns: 1959, Time: 00:02:41

Health: -9/30      AC:  8    Str: 15 (18) XL:     3   Next: 80%
Magic:  2/2        EV:  7    Int:  4 (5)  God:
Gold:   139        SH:  0    Dex: 10 (13) Spells: 2/2 levels left

rFire   . . .      SeeInvis .   a - +0 long sword
rCold   . . .      Faith    .   (no shield)
rNeg    . . .      Spirit   .   m - +0 chain mail
rPois   .          Reflect  .   c - +0 hat
rElec   .          Harm     .   (no cloak)
rCorr   .          Rampage  .   (no gloves)
Will    .....                   (no boots)
Stlth   ..........              (no amulet)
HPRegen 0.10/turn               (no ring)
MPRegen 0.08/turn               (no ring)

@: no status effects
A: horns 2, retaliatory headbutt
a: no special abilities


You were on level 3 of the Dungeon.
You visited 1 branch of the dungeon, and saw 3 of its levels.

You collected 139 gold pieces.

Inventory:

Hand Weapons
 a - a +0 long sword (weapon)
Missiles
 d - 3 throwing nets (quivered)
 e - 7 javelins
Armour
 b - a +0 leather armour
 c - a +0 hat (worn)
 m - a +0 chain mail (worn)
Scrolls
 f - a scroll of immolation {unknown}
 g - a scroll of enchant armour {unknown}
 h - a scroll of teleportation {unknown}
 i - a scroll of vulnerability {unknown}
 j - 4 scrolls of identify {unknown}
 k - a scroll of fear {unknown}
 l - a scroll of acquirement {unknown}
Potions
 n - a potion of lignification {unknown}
 o - a potion of curing


   Skills:
 + Level 2.4 Fighting
 + Level 4.3 Long Blades
 + Level 2.2 Throwing
 + Level 1.9 Armour
 + Level 4.1 Dodging
 + Level 0.1 Stealth


You had 2 spell levels left.
You didn't know any spells.
Your spell library contained the following spells:

 Spells                   Type           Power      Damage    Failure   Level
 Stone Arrow              Conj/Erth      0%         3d7       100%        3
 Animate Armour           Summ/Erth      0%         N/A       100%        4
 Lehudib's Crystal Spear  Conj/Erth      0%         10d2      100%        8


Dungeon Overview and Level Annotations

Branches:
Dungeon (3/15)

Altars:

Shops:
D:2 !(*((


Innate Abilities, Weirdness & Mutations

You have a pair of horns on your head.
You reflexively headbutt those who attack you in melee.


Message History

You see here a jackal corpse.
Found Utachyn's Weapon Shoppe.
There is an open door here.
There is an entrance to Utachyn's Weapon Shoppe here.
You open the door.
There is an open door here.
o - a potion of curing
There is a stone staircase leading down here.
You open the door.
There is an open door here.
There is an entrance to Utachyn's Weapon Shoppe here.
You open the door.
There is an open door here.
Done exploring.
Done exploring.
(D) Dungeon
Where to? (Enter - D:2, ? - help)
There is an open door here.
There is an open door here.
There is an open door here.
There is an open door here.
There is a stone staircase leading down here.
You climb downwards.
The ogre shouts!
Found 7 gold pieces and 10 stones.
There is a stone staircase leading up here.
There are monsters nearby!
Unknown command.
You barely miss the ogre.
The ogre hits you with a +0 giant club!!
Ouch! That really hurt!
You closely miss the ogre. You headbutt the ogre.
The ogre is lightly wounded.
You slash the ogre!
The ogre is heavily wounded.
The ogre completely misses you.
The giant cockroach bites you but does no damage.
The ogre hits you with a +0 giant club!!
Ouch! That really hurt!
You die...

. #### ... #..
....###.#
...#..B@#####
......O.....##..
....####S.......
................
.B......#..$....
....... .......
....... .......
....... .......
###.... .......


You could see an ogre, a giant cockroach and a ball python.

Vanquished Creatures
  An adder (D:2)
  3 dart slugs
  4 endoplasms
  2 giant cockroaches (D:1)
  4 goblins
  6 hobgoblins
  3 jackals (D:2)
  4 quokkas
  3 bats
  A frilled lizard (D:1)
  3 kobolds
  4 rats
38 creatures vanquished.

Notes
Turn   | Place    | Note
-------+----------+-------------------------------------------
     0 | D:1      | Snicker the Minotaur Gladiator began the quest for the Orb.
     0 | D:1      | Reached XP level 1. HP: 18/18 MP: 0/0
   184 | D:1      | Reached XP level 2. HP: 25/25 MP: 1/1
   334 | D:1      | Found a faded altar of an unknown god.
   588 | D:1      | Reached XP level 3. HP: 6/30 MP: 2/2
   882 | D:2      | Found Kofywurch's General Store.
   976 | D:2      | Found Oschinn's Distillery.
  1134 | D:2      | Found Ekhlusiza's Antique Weapon Shop.
  1264 | D:2      | Reached skill level 1 in Armour
  1536 | D:2      | Found Estruxoc's Weapon Shop.
  1705 | D:2      | Found Utachyn's Weapon Shoppe.
  1954 | D:3      | Noticed an ogre
  1959 | D:3      | Mangled by an ogre

Illustrated notes

Levels and vault maps discovered:
D:1:      heliophobic_arrival_glass_houses, layout_rooms,
          hellmonk_ecumenical_altar_crossroads
D:2:      layout_loops_corners, serial_shops, shop, shop, shop, shop,
          nicolae_shop_behind_doors
D:3:      layout_rooms, gammafunk_ghost_split, kennysheep_generic_room_4

Skill      XL: |  1  2  3 |
---------------+----------+-----
Long Blades    | 4 |  4.3
Dodging        | 4 |  4.1
Armour         | 1 |  1.9
Fighting       | |  2.4
Throwing       | |  2.2
Stealth        | |  0.1

Action                   || total
-------------------------++-------
Melee: Long sword        ||    90
       Headbutt          ||    16
  Use: Potion            ||     2
Armor: Leather armour    ||    24
       Chain mail        ||    14
Dodge: Dodged            ||    58

Table legend: (Time is in decaauts)
 A = Elapsed time spent in this place.
 B = Non-inter-level travel time spent in this place.
 C = Inter-level travel time spent in this place.
 D = Time resting spent in this place.
 E = Time spent auto-exploring this place.
 F = Levels seen in this place.
 G = Mean time per level.
                   A        B        C        D        E       F      G
               +--------+--------+--------+--------+--------+-----+--------+
         Total |   1976 |   1882 |     94 |    144 |   1397 |   3 |  658.7 |
       Dungeon |   1976 |   1882 |     94 |    144 |   1397 |   3 |  658.7 |
               +--------+--------+--------+--------+--------+-----+--------+

Top non-repeatable levels by time:
     D:2: 1080 daAuts
     D:1: 890 daAuts
     D:3: 5 daAuts
